 Dungeon Crawl Stone Soup version 0.25-b1-38-g32f9adbbe0 (webtiles) character file.

Game seed: 7665738680448861381

49 Descartes the Grasshopper (level 3, 0/16 HPs)
             Began as a Felid Warper on June 7, 2020.
             Succumbed to an adder's poison
             ... on level 1 of the Dungeon.
             The game lasted 00:02:41 (1590 turns).

Descartes the Grasshopper (Felid Warper)            Turns: 1590, Time: 00:02:42

Health: 0/16       AC:  1    Str:  8    XL:     3   Next: 51%
Magic:  7/7        EV: 19    Int: 14    God:
Gold:   38         SH:  0    Dex: 15    Spells: 6/6 levels left
                                        Lives:  0   Deaths: 0

rFire    . . .     SeeInvis +     - Unarmed
rCold    . . .     Gourm    .   (shield unavailable)
rNeg     . . .     Faith    .   (armour unavailable)
rPois    .         Spirit   .   (helmet unavailable)
rElec    .         Reflect  .   (cloak unavailable)
rCorr    .         Harm     .   (gloves unavailable)
MR       .....                  (boots unavailable)
Stlth    +++.......             (no amulet)
HPRegen  0.05/turn              (no ring)
MPRegen  0.10/turn              (no ring)

@: lethally poisoned (0 -> -17), quick
A: very small, no armour, no weapons or thrown items, stealth, claws 1, fangs 3,
see invisible, carnivore, speed 1, shaggy fur 1, slow metabolism 1, sharp paws
a: no special abilities


You were on level 1 of the Dungeon.
You were completely stuffed.

You visited 1 branch of the dungeon, and saw 2 of its levels.

You collected 38 gold pieces.

Inventory:

Scrolls
 a - 2 scrolls of identify
 b - a scroll of blinking
 e - a scroll of fog
Comestibles
 c - a ration
 d - 2 chunks of flesh


   Skills:
 + Level 2.2 Fighting
 + Level 3.6 Dodging
 * Level 2.6 Stealth
 * Level 2.7 Unarmed Combat
 + Level 2.2 Spellcasting
   Level 4.4 Translocations


You had 6 spell levels left.
You didn't know any spells.
Your spell library contained the following spells:

 Spells                   Type           Power        Failure   Level  Hunger
 Blink                    Tloc           N/A          6%          2    ###....
 Gell's Gravitas          Tloc           ##........   12%         3    ###....
 Lesser Beckoning         Tloc           ##........   12%         3    ###....
 Teleport Other           Tloc           ##......     12%         3    ###....
 Shroud of Golubria       Chrm/Tloc      #.....       14%         2    ###....
 Passage of Golubria      Tloc           N/A          36%         4    #####..


Dungeon Overview and Level Annotations

Branches:
Dungeon (2/15)

Altars:


Innate Abilities, Weirdness & Mutations

You cannot wear armour.
You are incapable of wielding weapons or throwing items.
Your paws allow you to move quietly. (Stealth)
You have sharp claws.
You have razor-sharp teeth.
You have supernaturally acute eyesight. (SInv)
You are carnivorous and can eat meat at any time.
You cover ground quickly.
You are covered in fur. (AC +1)
You have a slow metabolism.
Your sharp claws are effective at attacking unaware monsters.


Message History

You closely miss the adder.
The adder is heavily wounded.
You feel sick. The adder misses you.
You scratch the adder.
The adder is almost dead.
The adder bites you.
* * * LOW HITPOINT WARNING * * *
You are more poisoned.
The adder poisons you!
You scratch the adder.
You kill the adder!
* * * LOW HITPOINT WARNING * * *
You feel sick.
* * * LOW HITPOINT WARNING * * *
You feel sick.
You see here an adder corpse.
You aren't carrying any potions.
Unknown command.
You aren't carrying any potions.
You die...

.#.###.# #..........# #.#.#.
.#...#.########.........# #.#.#.
####.#.##...............# #.#.##
#...#.##...........##### #.....
##.###.##...........# ###.#.
...###.##...........# ####...
.###.#.##...........#######.....#
...#.#.#########>...........)##.#
####.#.# #@...#######...... .#
#.#.# #.##.......#...#.# .###.#.#
###.##.##..#.##....# .....#.#
###................### ##.###.#
###...###.....####......
##.###.###...#.# #.#.............
.......#...###.# #.###.##########
#####....#.....# #.......#
######.##### #####.#.#


There were no monsters in sight!

Vanquished Creatures
  An adder (D:1)
  An ooze (D:1)
  3 dart slugs (D:1)
  A leopard gecko (D:2)
  2 giant cockroaches (D:1)
  5 hobgoblins (D:1)
  3 jackals (D:1)
  3 kobolds (D:1)
  A ball python (D:1)
  4 bats (D:1)
  2 frilled lizards (D:1)
  A goblin (D:1)
  A rat (D:1)
28 creatures vanquished.

Notes
Turn   | Place    | Note
-------+----------+-------------------------------------------
     0 | D:1      | Descartes the Felid Warper began the quest for the Orb.
     0 | D:1      | Reached XP level 1. HP: 9/9 MP: 4/4
   204 | D:1      | Reached skill level 1 in Stealth
   267 | D:1      | Reached XP level 2. HP: 13/13 MP: 6/6
  1098 | D:1      | Reached XP level 3. HP: 16/16 MP: 7/7
  1590 | D:1      | Succumbed to an adder's poison

Illustrated notes

Levels and vault maps discovered:
D:1:      elethiomel_arrival_maze, layout_basic
D:2:      layout_rooms, chequers_ecumenical_altar_simple_redux, uniq_jessica

Skill      XL: |  1  2 |
---------------+-------+-----
Stealth        | 1 2 |  2.6
Fighting       | |  2.2
Dodging        | |  3.6
Unarmed Combat | |  2.7
Spellcasting   | |  2.2
Translocations | |  4.4

Action                   || total
-------------------------++-------
Melee: Unarmed           ||   100
       Bite              ||     6
  Use: Scroll            ||     1
 Stab: Sleeping          ||     5
  Eat: Chunk             ||     9
Armor: Skin              ||     2
Dodge: Dodged            ||    84
